Map: Bridgehead LE (Void)

Players

Frey

  • Race: Zerg Zerg
  • League: Gold

wabbajack - Winner!

  • Race: Zerg Zerg
  • League: Gold

VOD

Have the link to the VOD?

Description

Time

  • Played on: July 21, 2015, 6:47 p.m.
  • Length: 6:11
Show
View Real Time Build Order
Export as new Build Order

Frey Zerg 

Build Orders: Pool First 

Get SALT Encoding   

  12  0:08  Overlord  
  12  0:15  Drone  
  12  0:17  Drone  
  14  0:27  Drone  
  15  0:33  Drone  
  16  0:42  Spawning Pool  
  15  0:46  Drone  
  16  0:50  Extractor  
  16  0:55  Drone  
  16  1:03  Drone  
  17  1:14  Drone  
  18  1:26  Hatchery  
  18  1:32  Queen  
  19  1:42  Zergling x2  
  20  1:50  Metabolic Boost  
  20  1:52  Overlord  
  20  1:55  Zergling x2  
  20  1:59  Drone  
  22  2:13  Baneling Nest  
  22  2:14  Drone  
  22  2:20  Drone  
  23  2:31  Drone  
  23  2:33  Extractor  
  23  2:58  Burrow  
  23  3:07  Baneling x2  
  23  3:08  Zergling x2  
  23  3:09  Zergling x14  
  23  3:12  Queen  
  33  3:21  Overlord  
  33  3:25  Overlord  
  33  3:36  Zergling x6  
  36  3:42  Zergling x2  
  36  3:43  Drone  
  28  4:14  Roach Warren  
  28  4:16  Lair  
  27  4:37  Roach Warren  
  26  4:54  Roach x6  
  26  4:55  Roach x2  
  42  5:01  Roach  
  42  5:02  Roach  
  46  5:11  Roach  
  49  5:15  Zergling x6  
  36  5:30  Drone  
  26  5:51  Zergling x4  
  26  5:52  Zergling x12  
  26  5:53  Zergling x2  
  26  5:54  Zergling x2  
Show
View Real Time Build Order
Export as new Build Order

wabbajack Zerg - Winner!

Build Orders: Hatch First 

Get SALT Encoding   

  12  0:01  Drone  
  13  0:13  Overlord  
  13  0:24  Drone  
  13  0:28  Drone, Extractor  
  14  0:30  Drone, Extractor  
  16  0:37  Drone  
  17  0:57  Hatchery  
  17  1:00  Drone, Extractor  
  17  1:03  Drone  
  17  1:09  Drone  
  18  1:23  Drone  
  19  1:28  Spawning Pool  
  19  1:30  Drone  
  19  1:51  Overlord  
  19  1:53  Drone  
  20  2:16  Roach Warren, Queen  
  20  2:17  Queen  
  20  2:22  Drone  
  24  2:23  Drone x3  
  24  2:25  Drone  
  28  2:31  Metabolic Boost  
  28  2:33  Zergling x2  
  29  2:38  Drone  
  30  3:03  Overlord x2  
  30  3:09  Roach x2  
  30  3:11  Roach  
  36  3:29  Roach  
  36  3:30  Roach x4  
  46  3:34  Roach  
  48  3:47  Overlord x2  
  48  3:50  Roach  
  48  3:51  Roach  
  48  4:23  Roach x2  
  52  4:32  Zergling x10  
  52  4:33  Zergling x18  
  66  4:44  Spine Crawler  
  65  4:51  Drone  
  65  4:52  Drone, Spine Crawler  
  66  4:53  Drone  
  66  4:54  Overlord  
  67  5:08  Overlord  
  67  5:11  Zergling x2  
  67  5:12  Zergling x14  
  73  5:26  Zergling x2  
  73  5:27  Zergling x4  
  62  5:47  Zergling x18  
  71  5:53  Ravager  
  71  5:55  Ravager  
Tags
 
Add a new tag
Caveats
  • Supply blocks, unpowered buildings, or Contaminate may cause inaccurate times.
  • Supply counts are checked every 10 seconds.